 Dungeon Crawl Stone Soup version 0.23.2-1-ga50397a6bc (webtiles) character file.

Game seed: 501443092431392878

196836 Foic the Imperceptible (level 18, -6/87 HPs)
             Began as a Vine Stalker Assassin on May 21, 2019.
             Was the Champion of Dithmenos.
             Killed by divine providence
             ... invoked by a meliai
              (12 damage)
             ... on level 14 of the Dungeon on May 23, 2019.
             The game lasted 03:47:27 (31118 turns).

Foic the Imperceptible (Vine Stalker Assassin)     Turns: 31118, Time: 03:47:29

Health: -6/87      AC: 25    Str: 11    XL:     18   Next: 38%
Magic:  0/32       EV: 24    Int: 15    God:    Dithmenos [******]
Gold:   2264       SH:  0    Dex: 31    Spells: 15/35 levels left

rFire    . . .     SeeInvis .   a - +3 dagger (elec)
rCold    + . .     Gourm    .   (no shield)
rNeg     . . .     Faith    .   T - +3 troll leather armour
rPois    .         Spirit   +   D - +2 helmet of the Iron City of Dis {Regen+ Dex+5}
rElec    .         Reflect  .   d - +0 cloak
rCorr    .         Harm     .   t - +5 pair of gloves "Xogeceh" {Regen+ Str-5 Stlth+}
MR       ++...                  J - +0 pair of boots
Stlth    ++++++++++             u - amulet of regeneration
HPRegen  2.64/turn              x - +6 ring of protection
MPRegen  0.23/turn              c - ring "Bojym" {+Fly rC+ Int+4 Dex+4}

@: lethally poisoned (-6 -> -6), confusing touch, wreathed by umbra
A: fangs 3, iridescent scales 1, deformed body, regeneration 2, magic shield,
antimagic bite, no potion heal 3, rot immunity
}: 1/15 runes: serpentine
a: Shadow Step, Shadow Form, Renounce Religion, Evoke Flight


You were on level 14 of the Dungeon.
You worshipped Dithmenos.
Dithmenos was exalted by your worship.
You were not hungry.

You visited 7 branches of the dungeon, and saw 30 of its levels.
You also visited: Ossuary.

You collected 3242 gold pieces.
You spent 978 gold pieces at shops.

Inventory:

Hand Weapons
 a - a +3 dagger of electrocution (weapon)
 e - the +10 zealot's sword {holy, *Rage rN+ EV+3}
   (You found it on level 2 of the Snake Pit)

   It has been blessed by the Shining One to cause great damage to the undead
   and demons.
   It affects your evasion (+3).
   It protects you from negative energy.
   It may make you go berserk in combat.
 y - a +3 rapier of electrocution
Missiles
 z - 982 arrows
Armour
 d - a +0 cloak (worn)
 t - the +5 pair of gloves "Xogeceh" (worn) {Regen+ Str-5 Stlth+}
   (You found it on level 2 of the Snake Pit)

   It affects your strength (-5).
   It increases your rate of regeneration.
   It makes you more stealthy.
 D - the +2 helmet of the Iron City of Dis (worn) {Regen+ Dex+5}
   (You found it on level 4 of the Dungeon)

   It affects your dexterity (+5).
   It increases your rate of regeneration.
 J - a +0 pair of boots (worn)
 L - the +0 leather armour of the Twelve Ships {rPois rF+ Dex+3 Slay+3}
   (You found it on level 13 of the Dungeon)

   It affects your dexterity (+3).
   It affects your accuracy and damage with ranged weapons and melee attacks
   (+3).
   It protects you from fire.
   It protects you from poison.
 T - a +3 troll leather armour (worn)
Jewellery
 b - a +4 amulet of reflection
 c - the ring "Bojym" (right hand) {+Fly rC+ Int+4 Dex+4}
   (You bought it in a shop on level 11 of the Dungeon)

   [ring of flight]

   It affects your intelligence (+4).
   It affects your dexterity (+4).
   It protects you from cold.
   It lets you fly.
 r - an uncursed ring of see invisible
 u - an amulet of regeneration (around neck)
 x - a +6 ring of protection (left hand)
 C - an uncursed ring of positive energy
 N - an uncursed amulet of magic regeneration
 R - an uncursed ring of protection from fire
 S - an uncursed ring of magical power
 V - an uncursed ring of wizardry
Wands
 k - a wand of clouds (9)
 p - a wand of acid (9)
 H - a wand of polymorph (5)
 X - a wand of flame (29)
Scrolls
 h - 2 scrolls of fear
 j - 7 scrolls of identify
 l - 5 scrolls of fog
 q - 17 scrolls of remove curse
 s - 3 scrolls of enchant weapon
 v - 8 scrolls of teleportation
 I - a scroll of blinking
 K - a scroll of brand weapon
 M - 3 scrolls of magic mapping
 W - 7 scrolls of amnesia
 Y - 2 scrolls of enchant armour
Potions
 i - 6 potions of brilliance
 m - 4 potions of flight
 n - 11 potions of curing
 o - 6 potions of might
 w - 2 potions of cancellation
 A - 3 potions of invisibility
 B - 2 potions of resistance
 E - 6 potions of lignification
 F - 2 potions of haste
 G - 6 potions of berserk rage
 P - 5 potions of agility
 Q - a potion of magic
Miscellaneous
 O - a lamp of fire
 U - a lightning rod (4/4)
Comestibles
 f - 8 chunks of flesh
 g - 33 rations


   Skills:
 + Level 6.8 Fighting
 * Level 12.9 Short Blades
 + Level 2.3 Throwing
 + Level 4.8 Armour
 * Level 10.6 Dodging
 * Level 25.7 Stealth
 + Level 9.2 Spellcasting
 + Level 0.4 Conjurations
 + Level 8.4 Hexes
 + Level 0.8 Translocations
 + Level 0.3 Evocations


You had 15 spell levels left.
You knew the following spells:

 Your Spells              Type           Power        Failure   Level  Hunger
a - Confusing Touch       Hex            ####..       1%          1    None
b - Summon Small Mammal   Summ           #...         14%         1    None
c - Slow                  Hex            ####....     1%          2    None
d - Tukima's Dance        Hex            ####....     1%          3    #......
e - Blink                 Tloc           N/A          14%         2    None
f - Confuse               Hex            ####....     1%          3    #......
g - Cause Fear            Hex            ####......   4%          4    ###....
h - Corona                Hex            ####...      1%          1    None
i - Dazzling Spray        Conj/Hex       ###...       6%          3    #......

Your spell library contained the following spells:

 Spells                   Type           Power        Failure   Level  Hunger
 Portal Projectile        Hex/Tloc       ###...       6%          3    #......
 Inner Flame              Hex/Fire       ###.....     7%          3    #......
 Apportation              Tloc           #.....       10%         1    None
 Magic Dart               Conj           #...         11%         1    None
 Flame Tongue             Conj/Fire      #....        12%         1    None
 Animate Skeleton         Necr           N/A          14%         1    None
 Beastly Appendage        Tmut           #.....       14%         1    None
 Pain                     Necr           #...         14%         1    None
 Summon Butterflies       Summ           #.......     14%         1    None
 Searing Ray              Conj           #.....       17%         2    None
 Throw Flame              Conj/Fire      #.....       19%         2    None
 Call Imp                 Summ           #.......     21%         2    None
 Poisonous Vapours        Pois/Air       #.....       21%         2    None
 Sticks to Snakes         Tmut           #.......     21%         2    None
 Fulminant Prism          Conj/Hex       ###.......   22%         4    ###....
 Leda's Liquefaction      Hex/Erth       ###.......   24%         4    ###....
 Gell's Gravitas          Tloc           #.........   28%         3    #......
 Lesser Beckoning         Tloc           #.........   28%         3    #......
 Conjure Flame            Conj/Fire      #.......     36%         3    #......
 Mephitic Cloud           Conj/Pois/Air  #.......     36%         3    #......
 Ignite Poison            Fire/Tmut/Pois #.......     38%         3    #......
 Regeneration             Chrm/Necr      #.........   38%         3    #......
 Spider Form              Tmut/Pois      #.........   38%         3    #......
 Vampiric Draining        Necr           #.........   38%         3    #......
 Metabolic Englaciation   Hex/Ice        ###.......   54%         5    #####..
 Yara's Violent Unravell  Hex/Tmut       ###.......   54%         5    #####..
 Invisibility             Hex            ####....     54%         6    ######.
 Force Lance              Conj/Tloc      #.......     71%         4    ###....
 Iskenderun's Mystic Bla  Conj           #.......     73%         4    ###....
 Sticky Flame             Conj/Fire      #.......     77%         4    ###....
 Animate Dead             Necr           N/A          80%         4    ###....
 Ice Form                 Ice/Tmut       #.......     80%         4    ###....
 Petrify                  Tmut/Erth      #.......     80%         4    ###....
 Alistair's Intoxication  Tmut/Pois      #.......     98%         5    #####..
 Blade Hands              Tmut           #.........   98%         5    #####..
 Bolt of Magma            Conj/Fire/Erth #.........   98%         5    #####..
 Fireball                 Conj/Fire      #.........   98%         5    #####..
 Iskenderun's Battlesphe  Conj/Chrm      #.......     98%         5    #####..
 Venom Bolt               Conj/Pois      #.........   98%         5    #####..
 Bolt of Fire             Conj/Fire      #.........   100%        6    ######.
 Freezing Cloud           Conj/Ice/Air   #.........   100%        6    ######.
 Iron Shot                Conj/Erth      #.........   100%        6    ######.
 Orb of Destruction       Conj           #.........   100%        7    #######
 Ring of Flames           Chrm/Fire      #.........   100%        7    #######
 Spellforged Servitor     Conj/Summ      #.........   100%        7    #######
 Ignition                 Fire           #.........   100%        8    #######


Dungeon Overview and Level Annotations

Branches:
Dungeon (15/15)            Temple (1/1) D:5            Lair (6/6) D:11
 Shoals (1/4) Lair:4        Snake (4/4) Lair:4        Slime (0/5) Lair:6
    Orc (2/2) D:12            Elf (1/3) Orc:2        Vaults (0/5) D:13
 Depths (0/5) D:15

Altars:
Ashenzari
Cheibriados
Dithmenos
Elyvilon
Fedhas
Gozag
Hepliaklqana
Kikubaaqudgha
Makhleb
Nemelex Xobeh
Okawaru
Qazlal
Ru
Sif Muna
Trog
Uskayaw
Vehumet
Wu Jian
Xom
Yredelemnul
Zin
The Shining One
Beogh
Jiyva

Shops:
D:4 *   D:11 =   Orc:2 :(?*%   Snake:1 *

Portals:
Pandemonium: Orc:2

Annotations:
D:11 3 runed translucent doors, BorisKarlOrff's ghost, journeyman MiFi
Lair:3 oklob plant, exclusion: oklob plant
Lair:5 goto lvl6 to deal with dire elephants
Shoals:1 exclusion: Roxanne, Roxanne
Snake:3 1 runed translucent door
Elf:1 Donald


Innate Abilities, Weirdness & Mutations

You have razor-sharp teeth.
You heal very quickly.
When hurt, damage is shared between your health and your magic reserves.
Your bite disrupts and absorbs the magic of your enemies.
Potions cannot restore your health.
You are immune to rotting.
You are partially covered in iridescent scales. (AC +2)
Armour fits poorly on your strangely shaped body.


Message History

The meliai mumbles some strange prayers to its god against you.
Something smites you!
* * * LOW HITPOINT WARNING * * *
The meliai completely misses you. x2
Casting: Confusing Touch (safe; 1% risk of failure)
Confirm with . or Enter, or press ? or * to list all spells.
Your hands begin to glow brighter.
You feel sick. The meliai barely misses you.
The meliai stings you but does no damage.
The meliai hits you but does no damage. The meliai completely misses you.
You hit the meliai but do no damage. You bite the meliai, but do no damage.
Your shadow hits the meliai but does no damage.
The meliai misses you. The meliai completely misses you.
You hit the meliai but do no damage. Your bite misses the meliai.
Your shadow hits the meliai but does no damage.
The meliai calls down the wrath of its god upon you.
Something smites you!
* * * LOW HITPOINT WARNING * * *
The meliai mumbles some strange prayers to its god against you.
Something smites you!
You die...

...#......##..########..#####
#..........##...##..........#
##.#.......####.............#
...).......# ###...........#
###...#.#.## ##..........#
##......## #..........#
#####...## #..........#
##...######y.........#
##..#...@yy...>.....#
###....####..........#
#.........∩.##########
#...........# #..........##
############


You could see 3 meliai.

Vanquished Creatures
  Vashnia (Snake:2)
  Nikola (Snake:2)
  Jorgrun (D:12)
  8 nagarajas
  Aizul (Snake:2)
  6 dire elephants
  The ghost of u8823 the Severer, a journeyman HOFi (Orc:1)
  The ghost of Masnef the Ripper, a journeyman FeBe of Trog (Snake:2)
  Snorg (D:14)
  Harold (D:7)
  8 hydras
  9 anacondas
  2 vault guards (D:13)
  19 naga warriors
  A catoblepas (D:14)
  4 two-headed ogres
  5 centaur warriors
  13 shock serpents
  4 orc high priests (Orc:2)
  Nergalle (D:11)
  A deep elf knight (Elf:1)
  18 naga sharpshooters
  A sun demon (Orc:2)
  A sixfirhy (Orc:2)
  4 sea snakes (Snake:1)
  2 gelid demonspawn (Orc:2)
  An unseen horror (D:8)
  A torturous demonspawn (Orc:2)
  7 naga ritualists
  5 orc knights
  3 deep elf archers (Elf:1)
  8 ugly things
  7 deep elf magi
  9 orc sorcerers
  16 mana vipers
  8 salamanders
  2 manticores
  A merfolk siren (Lair:4)
  A cyclops (D:14)
  17 elephants
  A rust devil (Orc:2)
  39 black mambas
  2 guardian serpents
  10 spiny frogs
  22 naga magi
  2 rime drakes (Lair:6)
  An ice devil (Orc:2)
  2 freezing wraiths (D:14)
  6 komodo dragons
  3 tengu conjurers
  A hellwing (Orc:2)
  11 trolls
  A hornet (D:7)
  21 blink frogs
  A hornet (shapeshifter) (D:14)
  8 slime creatures
  14 hippogriffs
  3 centaur simulacra
  A water elemental (Elf:1)
  A shadow (D:12)
  9 humans (D:13)
  2 wraiths
  Grum (Lair:1)
  4 wyverns
  30 yaks
  2 hungry ghosts
  3 vampire mosquitoes (D:15)
  2 neqoxecs (Orc:2)
  4 wargs (Orc:2)
  78 nagas
  2 soldier ants
  2 water moccasins
  10 porcupines
  37 orc warriors
  5 sky beasts
  2 ice beasts (D:12)
  4 phantoms
  2 black bears
  6 wolves
  9 ogres
  21 centaurs
  13 crocodiles
  4 big kobolds
  An elf zombie (Ossuary)
  14 bullfrogs
  A wyvern skeleton (D:13)
  8 scorpions
  16 killer bees
  8 wights
  An electric eel (Snake:1)
  3 howler monkeys
  3 centaur zombies
  7 crimson imps
  6 jellies
  A quasit (D:12)
  4 bullfrog zombies
  9 hounds
  15 orc wizards
  2 bullfrog skeletons
  5 centaur skeletons
  27 orc priests
  A human zombie (Ossuary)
  4 iguanas
  12 worker ants
  3 hound zombies
  A hound skeleton (D:5)
  3 mummies (Ossuary)
  14 adders
  3 gnolls (D:8)
  2 worker ant zombies
  A shadow imp (D:7)
  An ooze (D:5)
  2 adder skeletons
  5 adder zombies
  2 worms
  A dart slug (D:4)
  13 leopard geckos
  107 orcs
  10 giant cockroaches
  3 gnoll zombies (Ossuary)
  4 goblins
  12 hobgoblins
  7 jackals
  8 quokkas
  7 bats
  8 frilled lizards
  4 goblin zombies (Ossuary)
  A hobgoblin zombie (Ossuary)
  5 jackal zombies (Ossuary)
  36 kobolds
  5 kobold zombies (Ossuary)
  2 leopard gecko skeletons
  A leopard gecko zombie (D:9)
  An orc zombie (Ossuary)
  5 quokka zombies (Ossuary)
  4 rats
  3 rat zombies (Ossuary)
  A plant (Lair:6)
1036 creatures vanquished.

Vanquished Creatures (others)
  A human (D:13)
  A porcupine (Lair:1)
  A wolf (Lair:1)
  A giant cockroach (D:6)
  A bush (D:3)
  4 fungi
  55 plants
64 creatures vanquished.

Grand Total: 1100 creatures vanquished

Notes
Turn   | Place    | Note
-------+----------+-------------------------------------------
     0 | D:1      | Foic the Vine Stalker Assassin began the quest for the Orb.
     0 | D:1      | Reached XP level 1. HP: 11/11 MP: 2/2
    19 | D:1      | Reached skill level 5 in Stealth
   134 | D:1      | Reached XP level 2. HP: 15/15 MP: 3/3
  1197 | D:2      | Reached XP level 3. HP: 14/18 MP: 4/4
  1199 | D:2      | Reached skill level 6 in Stealth
  1212 | D:2      | Found a shimmering altar of Xom.
  1274 | D:2      | Reached skill level 1 in Dodging
  1652 | D:2      | Found a hide-covered altar of Uskayaw.
  1748 | D:3      | Gained mutation: Your natural rate of healing is unusually
                  | fast. [Vine Stalker growth]
  1748 | D:3      | Reached XP level 4. HP: 23/23 MP: 3/5
  1924 | D:3      | Reached XP level 5. HP: 20/26 MP: 6/6
  2721 | D:4      | Found Plog's Assorted Antiques.
  2776 | D:4      | Reached skill level 7 in Stealth
  2829 | D:4      | Got an ichor-stained helmet
  2866 | D:3      | Identified the +2 helmet of the Iron City of Dis {Regen+
                  | Dex+5} (You found it on level 4 of the Dungeon)
  2891 | D:4      | Reached XP level 6. HP: 29/30 MP: 5/7
  2915 | D:4      | Noticed an orc warrior
  3077 | D:4      | Killed an orc warrior
  3182 | D:4      | Found a shattered altar of Ashenzari.
  3216 | D:4      | Reached XP level 7. HP: 29/35 MP: 6/8
  3319 | D:4      | Reached skill level 8 in Stealth
  3509 | D:5      | Entered Level 5 of the Dungeon
  3573 | D:5      | Found a staircase to the Ecumenical Temple.
  3599 | Temple   | Entered the Ecumenical Temple
  3957 | D:5      | Reached skill level 1 in Armour
  3957 | D:5      | Gained mutation: You have razor-sharp teeth. [Vine Stalker
                  | growth]
  3957 | D:5      | Reached XP level 8. HP: 39/39 MP: 5/9
  4010 | D:5      | Reached skill level 5 in Short Blades
  4170 | D:5      | Reached skill level 9 in Stealth
  4538 | D:5      | Found a hazy altar of Hepliaklqana.
  4539 | D:5      | Found a shimmering altar of Xom.
  4539 | D:5      | Noticed a thorn hunter
  4540 | D:5      | Noticed a spectral ugly thing
  4540 | D:5      | Noticed a thorn hunter
  4891 | D:6      | Found a radiant altar of Vehumet.
  5506 | D:6      | Reached skill level 10 in Stealth
  5506 | D:6      | Reached XP level 9. HP: 44/44 MP: 10/10
  5695 | D:7      | Noticed a hornet
  5703 | D:7      | Paralysed by a hornet for 1 turns
  5715 | D:7      | Paralysed by a hornet for 1 turns
  5720 | D:7      | Killed a hornet
  5953 | D:7      | Learned a level 1 spell: Confusing Touch
  5955 | D:7      | Learned a level 1 spell: Summon Small Mammal
  6008 | D:7      | Noticed a troll
  6017 | D:7      | Killed a troll
  6031 | D:7      | Noticed Harold
  6038 | D:7      | Killed Harold
  6038 | D:7      | Reached skill level 11 in Stealth
  6040 | D:7      | Reached XP level 10. HP: 49/49 MP: 11/11
  6110 | D:7      | Found a sand-covered staircase.
  6116 | Ossuary  | Entered an ossuary
  6407 | Ossuary  | Reached skill level 12 in Stealth
  6569 | D:8      | Noticed an unseen horror
  6574 | D:8      | Noticed a two-headed ogre
  6587 | D:8      | Killed an unseen horror
  6679 | D:8      | Killed a two-headed ogre
  6766 | D:8      | Reached skill level 13 in Stealth
  7043 | D:8      | Reached skill level 5 in Dodging
  7499 | D:9      | Reached skill level 1 in Hexes
  7557 | D:9      | Found a sacrificial altar of Ru.
  7628 | D:9      | Reached skill level 1 in Spellcasting
  7661 | D:9      | Found a shadowy altar of Dithmenos.
  7666 | D:9      | Became a worshipper of Dithmenos the Shadowed
  7747 | D:9      | Reached XP level 11. HP: 53/53 MP: 14/14
  7766 | D:9      | Reached skill level 14 in Stealth
  7811 | D:9      | Noticed a two-headed ogre
  8018 | D:9      | Killed a two-headed ogre
  8285 | D:9      | Reached * piety under Dithmenos
  8564 | D:9      | Found an ancient bone altar of Kikubaaqudgha.
  8569 | D:9      | Found an ornate altar of the Wu Jian Council.
  8569 | D:9      | Found a blossoming altar of Fedhas.
  8578 | D:9      | Found a white marble altar of Elyvilon.
  8578 | D:9      | Found a bloodstained altar of Trog.
  8895 | D:10     | Entered Level 10 of the Dungeon
  9181 | D:10     | Learned a level 2 spell: Slow
  9656 | D:11     | Reached skill level 15 in Stealth
  9665 | D:11     | Reached ** piety under Dithmenos
  9699 | D:11     | Noticed a manticore
  9720 | D:11     | Killed a manticore
  9860 | D:11     | Found Movin's Jewellery Shoppe.
  9872 | D:11     | Bought the ring "Bojym" {+Fly rC+ Int+4 Dex+4} for 627 gold
                  | pieces
  9872 | D:11     | Bought a cursed amulet of regeneration for 351 gold pieces
  9963 | D:11     | Noticed Nergalle
  9974 | D:11     | Killed Nergalle
  9974 | D:11     | Gained mutation: You heal very quickly. [Vine Stalker
                  | growth]
  9974 | D:11     | Reached XP level 12. HP: 55/58 MP: 17/17
 10128 | D:11     | Found a runed translucent gate.
 10128 | D:11     | Found a runed translucent gate.
 10130 | D:11     | Found an opulent altar of Gozag.
 10130 | D:11     | Found a runed translucent gate.
 10131 | D:11     | Noticed BorisKarlOrff's ghost (journeyman MiFi)
 10132 | D:11     | Noticed a two-headed ogre
 10177 | D:11     | Found a staircase to the Lair.
 10562 | Lair:1   | Entered Level 1 of the Lair of Beasts
 10581 | Lair:1   | Found a glowing golden altar of the Shining One.
 10808 | Lair:1   | Noticed Grum
 10828 | Lair:1   | Reached *** piety under Dithmenos
 10828 | Lair:1   | Reached skill level 16 in Stealth
 10881 | Lair:1   | Killed Grum
 11242 | Lair:1   | Noticed a four-headed hydra
 11245 | Lair:1   | Killed a four-headed hydra
 11990 | Lair:2   | Noticed a seven-headed hydra
 12651 | Lair:2   | Killed a seven-headed hydra
 12651 | Lair:2   | Reached skill level 17 in Stealth
 12970 | Lair:3   | Reached skill level 5 in Fighting
 12970 | Lair:3   | Reached XP level 13. HP: 63/63 MP: 20/20
 12990 | Lair:3   | Reached skill level 10 in Short Blades
 13410 | Lair:4   | Reached **** piety under Dithmenos
 13426 | Lair:4   | Learned a level 3 spell: Tukima's Dance
 13577 | Lair:4   | Found a staircase to the Snake Pit.
 14171 | Lair:4   | Found a staircase to the Shoals.
 14516 | Lair:5   | Reached skill level 18 in Stealth
 14876 | Lair:5   | Reached skill level 5 in Hexes
 15105 | Lair:6   | Entered Level 6 of the Lair of Beasts
 15389 | Lair:6   | Reached skill level 5 in Spellcasting
 15533 | Lair:6   | Found a viscous altar of Jiyva.
 15533 | Lair:6   | Found a staircase to the Slime Pits.
 15648 | Lair:6   | Reached ***** piety under Dithmenos
 15666 | Lair:6   | Reached skill level 19 in Stealth
 15668 | Lair:6   | Reached XP level 14. HP: 68/68 MP: 22/22
 16000 | Lair:6   | Noticed a dire elephant
 16000 | Lair:6   | Noticed a dire elephant
 16014 | Lair:6   | Noticed a dire elephant
 16033 | Lair:6   | Noticed a dire elephant
 16044 | Lair:6   | Noticed a dire elephant
 16119 | Lair:5   | Killed a dire elephant
 16595 | D:12     | Noticed Jorgrun
 16603 | D:12     | Killed Jorgrun
 16663 | D:12     | Found a staircase to the Orcish Mines.
 16730 | D:12     | Found a roughly hewn altar of Beogh.
 17064 | Orc:1    | Entered Level 1 of the Orcish Mines
 17149 | Orc:1    | Found a runed translucent door.
 17150 | Orc:1    | Noticed u8823's ghost (journeyman HOFi)
 17196 | Orc:1    | Killed u8823's ghost
 17645 | Orc:1    | Reached skill level 20 in Stealth
 18016 | Orc:2    | Entered Level 2 of the Orcish Mines
 18108 | Orc:2    | Found Viliud's Food Shoppe.
 18112 | Orc:2    | Found a staircase to the Elven Halls.
 18250 | Orc:2    | Found Lott's Magic Scroll Boutique.
 18251 | Orc:2    | Found Ypawnof's General Store.
 18455 | Orc:2    | Reached ****** piety under Dithmenos
 18669 | Orc:2    | Gained mutation: You are partially covered in iridescent
                  | scales. (AC +2) [a neqoxec]
 19362 | D:13     | Got an ichor-stained leather armour
 19374 | D:13     | Identified the cursed +0 leather armour of the Twelve Ships
                  | {rPois rF+ Dex+3 Slay+3} (You found it on level 13 of the
                  | Dungeon)
 19448 | D:13     | You fall through a shaft!
 19502 | D:14     | Reached XP level 15. HP: 45/73 MP: 24/24
 19518 | D:14     | Reached skill level 21 in Stealth
 19577 | D:14     | Noticed Snorg
 19585 | D:14     | Killed Snorg
 19799 | D:14     | Got a brightly glowing leather armour
 19819 | D:14     | Identified the +4 leather armour of the Burgomaster {rElec}
                  | (You found it on level 14 of the Dungeon)
 20170 | D:13     | Found a gate to the Vaults.
 20477 | D:14     | Learned a level 2 spell: Blink
 20481 | D:14     | Learned a level 3 spell: Confuse
 20766 | Elf:1    | Entered Level 1 of the Elven Halls
 21169 | Elf:1    | Noticed Donald
 21372 | Orc:2    | Paralysed by an orc sorcerer for 4 turns
 21387 | Orc:2    | Gained mutation: Armour fits poorly on your strangely
                  | shaped body. [a neqoxec]
 21727 | Orc:2    | Reached skill level 22 in Stealth
 21759 | Orc:2    | Found Qumoptipi's Antique Weapon Emporium.
 21759 | Orc:2    | Found a one-way gate leading to the halls of Pandemonium.
 21759 | Orc:2    | Found Ticzess's Book Shoppe.
 21796 | Orc:2    | Found an iron altar of Okawaru.
 23444 | Snake:1  | Entered Level 1 of the Snake Pit
 23452 | Snake:1  | Reached XP level 16. HP: 79/79 MP: 27/27
 23799 | Snake:1  | Learned a level 4 spell: Cause Fear
 23819 | Snake:1  | Learned a level 1 spell: Corona
 24656 | Lair:4   | Learned a level 3 spell: Dazzling Spray
 25092 | Snake:1  | Found Buowuit's General Store.
 25189 | Snake:2  | Reached skill level 23 in Stealth
 25631 | Snake:2  | Noticed Vashnia
 25743 | Snake:2  | Found a large runed translucent door.
 25744 | Snake:2  | Found a large runed translucent door.
 25745 | Snake:2  | Noticed Masnef's ghost (journeyman FeBe)
 26164 | Snake:2  | Killed Vashnia
 26297 | Snake:2  | Killed Masnef's ghost
 26373 | Snake:2  | Got a pair of blackened gloves
 26384 | Snake:2  | Identified the +5 pair of gloves "Xogeceh" {Regen+ Str-5
                  | Stlth+} (You found it on level 2 of the Snake Pit)
 26412 | Snake:2  | Noticed Aizul
 26419 | Snake:2  | Killed Aizul
 26516 | Snake:2  | Reached XP level 17. HP: 82/82 MP: 30/30
 26711 | Snake:2  | Reached skill level 10 in Dodging
 26803 | Snake:2  | Noticed Nikola
 26806 | Snake:2  | Killed Nikola
 26806 | Snake:2  | Reached skill level 24 in Stealth
 26865 | Snake:2  | Found the +10 zealot's sword {holy, *Rage rN+ EV+3}
 28570 | Snake:3  | Found a runed translucent door.
 28656 | Snake:4  | Entered Level 4 of the Snake Pit
 29152 | Snake:4  | Reached skill level 25 in Stealth
 29474 | Snake:4  | Reached XP level 18. HP: 87/87 MP: 30/32
 30240 | Snake:4  | Got a serpentine rune of Zot
 30428 | Shoals:1 | Entered Level 1 of the Shoals
 30428 | Shoals:1 | Noticed Roxanne
 30648 | D:15     | Entered Level 15 of the Dungeon
 30890 | D:15     | Found a staircase to the Depths.
 31118 | D:14     | Killed from afar by a meliai

Skill      XL: |  1  2  3  4  5  6  7  8  9 10 11 12 13 14 15 16 17 |
---------------+----------------------------------------------------+-----
Stealth        | 5 6 7 8 10 11 13 15 17 19 20 22 23 25 | 25.7
Dodging        | 1 2 3 4 5 6 7 8 9 10 | 10.6
Short Blades   | 2 3 4 6 7 8 9 10 11 12 | 12.9
Fighting       | 2 3 4 5 6 |  6.8
Armour         | 1 2 3 4 |  4.8
Throwing       | 2 |  2.3
Hexes          | 1 2 4 5 6 7 8 |  8.4
Spellcasting   | 1 2 4 5 7 8 9 |  9.2
Conjurations   | |  0.4
Translocations | |  0.8
Evocations     | |  0.3

Action                   |  1- 3 |  4- 6 |  7- 9 | 10-12 | 13-15 | 16-18 || total
-------------------------+-------+-------+-------+-------+-------+-------++-------
Melee: Dagger            |   105 |   271 |    74 |   715 |  1275 |   911 ||  3351
       Bite              |    22 |   162 |    62 |   306 |   671 |   445 ||  1668
       Short sword       |       |   110 |   108 |       |       |       ||   218
       Rapier            |       |       |       |       |       |     6 ||     6
 Fire: Blowgun           |       |       |     3 |       |       |       ||     3
 Cast: Confusing Touch   |       |       |       |    76 |   179 |   183 ||   438
       Slow              |       |       |       |       |     1 |     2 ||     3
       Confuse           |       |       |       |       |    11 |    39 ||    50
       Blink             |       |       |       |       |     1 |     2 ||     3
       Dazzling Spray    |       |       |       |       |       |     8 ||     8
       Corona            |       |       |       |       |       |     2 ||     2
       Tukima's Dance    |       |       |       |       |       |     2 ||     2
 Abil: Evoke Flight      |       |       |       |       |       |     1 ||     1
Evoke: Wand              |       |       |       |     2 |       |       ||     2
  Use: Scroll            |     2 |     2 |     7 |    18 |    12 |     6 ||    47
       Potion            |       |       |       |     5 |     1 |     2 ||     8
 Stab: Sleeping          |    16 |     9 |    17 |    55 |    75 |    52 ||   224
       Distracted        |       |     1 |     1 |     4 |     6 |    21 ||    33
       Confused          |       |       |       |    50 |   162 |   180 ||   392
       Petrified         |       |       |       |       |     4 |       ||     4
       Invisible         |       |       |       |       |       |     8 ||     8
  Eat: Chunk             |     3 |     5 |    10 |    24 |    30 |    10 ||    82
       Ration            |       |       |       |       |     1 |     5 ||     6
Armor: Robe              |    37 |    32 |       |       |       |       ||    69
       Leather armour    |       |    14 |    40 |    36 |     2 |       ||    92
       Troll leather arm |       |       |       |    77 |   250 |   229 ||   556
Dodge: Dodged            |    73 |   103 |   103 |   425 |   636 |   592 ||  1932
